 Dungeon Crawl Stone Soup version 0.27.1-2-g3b301248ec (webtiles) character file.

Game seed: 7575037279635323242

3385 ABBCCCDDDD the Agent of Entropy (level 10, -4/71 HPs)
             Began as an Octopode Abyssal Knight on Sept 26, 2021.
             Was a Priest of Lugonu.
             Shot with a sling bullet by Joseph (17 damage)
             ... on level 8 of the Dungeon.
             The game lasted 00:24:39 (11254 turns).

ABBCCCDDDD the Agent of Entropy (OpAK)             Turns: 11254, Time: 00:24:39

Health: -4/71      AC:  1    Str: 12    XL:     10   Next: 4%
Magic:  25/25      EV: 13    Int: 18    God:    Lugonu [***...]
Gold:   172        SH:  4    Dex: 11    Spells: 13/13 levels left

rFire    x . .     SeeInvis .   j - +0 mace (protect)
rCold    + . .     Faith    .   l - +0 buckler
rNeg     . . .     Spirit   .   (helmet restricted)
rPois    .         Reflect  .   E - amulet of regeneration
rElec    .         Harm     .   u - ring of magical power
rCorr    .         Rampage  .   c - ring of ice
Will     .....                  (no ring)
Stlth    ++........             (no ring)
HPRegen  1.21/turn              (no ring)
MPRegen  0.19/turn              (no ring)
                                (no ring)
                                (no ring)

@: no status effects
A: almost no armour, amphibious, 8 rings, camouflage 1, gelatinous body 1,
(nimble swimmer 1), tentacles
a: Renounce Religion, Depart the Abyss, Bend Space, Banish


You were on level 8 of the Dungeon.
You worshipped Lugonu.
Lugonu was most pleased with you.
You visited 1 branch of the dungeon, and saw 11 of its levels.
You visited the Abyss 1 time.

You collected 472 gold pieces.
You spent 300 gold pieces at shops.

Inventory:

Hand Weapons
 a - a +1 falchion
 e - a +0 rapier
 j - a +0 mace of protection (weapon)
 p - a +0 flail
 s - a +4 vampiric spear
 H - a +2 whip of freezing
Missiles
 i - 2 boomerangs of dispersal (quivered)
 C - 14 poisoned darts
Armour
 l - a +0 buckler (worn)
Jewellery
 c - a ring of ice (right tentacle)
 u - a ring of magical power (left tentacle)
 v - an amulet of the acrobat
 E - an amulet of regeneration (around mantle)
Wands
 q - a wand of polymorph (13)
 G - a wand of digging (4)
Scrolls
 b - 2 scrolls of amnesia
 f - 7 scrolls of fear
 o - a scroll of teleportation
 t - 2 scrolls of enchant weapon
 A - a scroll of enchant armour
 D - a scroll of vulnerability {unknown}
 F - a scroll of magic mapping
Potions
 d - a potion of haste {unknown}
 g - 2 potions of curing
 h - 2 potions of berserk rage {unknown}
 k - a potion of cancellation {unknown}
 n - a potion of lignification {unknown}
 r - 2 potions of flight {unknown}
 w - a potion of heal wounds {unknown}
 z - 2 potions of might {unknown}
 B - a potion of brilliance {unknown}


   Skills:
 + Level 7.0 Fighting
 - Level 1.4(2.1) Short Blades
 - Level 2.2(2.4) Long Blades
 + Level 7.0 Maces & Flails
 - Level 2.3 Dodging
 - Level 4.0 Shields
 - Level 2.0 Spellcasting
 - Level 8.0 Invocations
 - Level 5.0 Evocations


You had 13 spell levels left.
You didn't know any spells.
Your spell library contained the following spells:

 Spells                   Type           Power      Damage    Failure   Level
 Apportation              Tloc           2%         N/A       19%         1
 Beastly Appendage        Tmut           2%         N/A       19%         1
 Wereblood                Tmut           1%         N/A       26%         2
 Spider Form              Tmut/Pois      0%         N/A       47%         3
 Leda's Liquefaction      Hex/Erth       0%         N/A       87%         4
 Alistair's Intoxication  Tmut/Pois      0%         N/A       99%         5
 Bolt of Magma            Conj/Fire/Erth 0%         4d4       99%         5
 Invisibility             Hex            0%         N/A       100%        6
 Statue Form              Tmut/Erth      0%         N/A       100%        6


Dungeon Overview and Level Annotations

Branches:
Dungeon (11/15)            Temple (0/1) D:5             Orc (0/2) D:11
   Lair: D:8-11

Altars:
Elyvilon
Fedhas
Sif Muna
Uskayaw
Vehumet
Zin
Jiyva

Shops:
D:4 =   D:8 :*   D:10 ?

Annotations:
D:3 1 runed translucent door, Crazy Yiuf; Ijyb
D:4 2 transporters, YannSP's ghost, amateur MiBe
D:7 exclusion: 2 downstairs
D:8 Grum; Joseph
D:9 exclusions: steam dragon, troll, upstairs and wyvern
D:10 exclusions: downstairs and gargoyle


Innate Abilities, Weirdness & Mutations

You cannot wear most types of armour.
You are amphibious.
You can wear up to eight rings at the same time.
Your skin changes colour to match your surroundings (Stealth+).
Your rubbery body absorbs attacks. (AC +1, EV +1)
((You are camouflaged near water. (Stealth+)))
You have tentacles for arms and can constrict up to eight enemies at once.


Message History

Grum hits you from afar with a -2 spear.
The centaur hits you. You block the centaur's attack.
Aiming: Charm
Press: ? - help, Shift-Dir - straight line, f/p - centaur
Aim: a centaur, quivering arrows (chance to affect: 61%)
The centaur resists with significant effort.
The wolf closely misses you. The centaur closely misses you.
The centaur kicks you.
Grum hits you from afar with a -2 spear!
The wolf bites you. The centaur barely misses you. The centaur kicks you.
Grum hits you from afar with a -2 spear!
* * * LOW HITPOINT WARNING * * *
The centaur hits you.
* * * LOW HITPOINT WARNING * * *
You block the centaur's attack.
Okay, then.
Blink to where?
Press: ? - help, Dir - move target, p - centaur
Found Apsun's Book Boutique.
As you read the scroll of blinking, it crumbles to dust.
Okay, then.
You feel better.
The centaur wields a +0 shortbow.
The centaur shoots an arrow.
The arrow closely misses you.
The centaur shoots an arrow.
The arrow barely misses you.
Aiming: Charm
Press: ? - help, Shift-Dir - straight line, f - centaur
Aim: a centaur, wielding a +0 shortbow and quivering arrows (chance to affect: 61%)
The centaur resists with significant effort.
The now-empty wand crumbles to dust.
The centaur shoots an arrow.
The arrow hits you!
* * * LOW HITPOINT WARNING * * *
The centaur shoots an arrow.
The arrow barely misses you.
You don't have any such object.
Evoke which item? (* to show all) (? for menu, Esc to quit)
Okay, then.
The centaur shoots an arrow.
The arrow hits you.
* * * LOW HITPOINT WARNING * * *
Joseph shoots a sling bullet.
The sling bullet hits you!
You die...

.$.....c........# #....
.......c......### #....
............### ##...<
.............c. ##..8..
.....####..####..#......
####.####..........>h∩.<
#..#......c.?........ #
#.................8..
#.#...@##..............
.##.#.#.#..................
.∩#.#.#.##.#..#............
###.#.#......[.#...........
#.#.##[.#.............. #
#....................
#.........##.........
#..o.@.[.##..##...... ..
......
.....................


You could see Joseph, an orc warrior (wandering) and a centaur.

Levels and vault maps discovered:
D:1:      dpeg_arrival_prison, layout_rooms
D:2:      minmay_door_path, layout_basic, basic_altar
D:3:      layout_rooms, fedhas_ov_isle_minmay, kennysheep_nondescript,
          minmay_close_crescents, uniq_ijyb, uniq_natasha,
          uniq_crazy_yiuf_cottage, uniq_grinder
D:4:      layout_cave_pools, kennysheep_mini_moat, serial_shops,
          kennysheep_little_box, gammafunk_ghost_smash, uniq_robin,
          uniq_eustachio
D:5:      layout_loops_ring, minmay_temple_entry_gardened_gates
D:6:      layout_basic, zin_scriptorium, minmay_misc_feat_encased
D:7:      layout_loops_cross, serial_rivers, chequers_serial_rivers_micro_e,
          chequers_serial_rivers_micro_b, chequers_serial_rivers_micro_a,
          chequers_serial_rivers_micro_b
D:8:      layout_rooms, serial_shops, nicolae_stop_n_shop_2,
          nicolae_inconvenience_store, uniq_grum, uniq_joseph
D:9:      layout_roguey, nicolae_uskayaw_dance_studio,
          nicolae_sif_muna_condensation, jiyva_altar_1, uniq_pikel
D:10:     layout_roguey, lightli_temple_of_fire, grunt_lair_entry_orc_guard_hut,
          serial_shops, nicolae_square_shop, enter_trove_0, interstate_on_off,
          minmay_fractal_squares_gapless_5, uniq_psyche, uniq_urug
D:11:     layout_cave_pods, david_orc_2

Notes
Turn   | Place    | Note
-------+----------+-------------------------------------------
     0 | Abyss:1  | ABBCCCDDDD the Octopode Abyssal Knight began the quest for
                  | the Orb.
     0 | Abyss:1  | Reached XP level 1. HP: 16/16 MP: 2/2
    76 | Abyss:4  | Noticed a raiju
    76 | Abyss:4  | Noticed a raiju
    76 | Abyss:4  | Noticed a raiju
    97 | Abyss:4  | Noticed a smoke demon
    99 | D:1      | Escaped the Abyss
   200 | D:1      | Reached * piety under Lugonu
   294 | D:1      | Reached XP level 2. HP: 19/21 MP: 3/3
  1143 | D:2      | Reached skill level 1 in Short Blades
  1143 | D:2      | Reached XP level 3. HP: 9/26 MP: 3/5
  1522 | D:2      | Found a white marble altar of Elyvilon.
  2099 | D:3      | Reached skill level 3 in Invocations
  2124 | D:3      | Reached XP level 4. HP: 32/32 MP: 6/6
  2132 | D:3      | Noticed Grinder
  2133 | D:3      | Found a blossoming altar of Fedhas.
  2801 | D:3      | Noticed Natasha
  2902 | D:4      | Noticed a scorpion
  2922 | D:4      | Found a transporter.
  2932 | D:4      | Noticed Robin
  2950 | D:3      | Paralysed by Grinder for 2 turns
  3185 | D:3      | Killed Natasha
  3186 | D:3      | Reached skill level 1 in Maces & Flails
  3309 | D:3      | Noticed Ijyb
  3392 | D:3      | Paralysed by Grinder for 2 turns
  3547 | D:4      | Reached XP level 5. HP: 15/37 MP: 7/7
  3827 | D:4      | Reached skill level 1 in Shields
  3950 | D:4      | Reached ** piety under Lugonu
  4061 | D:4      | Reached XP level 6. HP: 38/44 MP: 8/8
  4128 | D:4      | Noticed Eustachio
  4137 | D:5      | Entered Level 5 of the Dungeon
  4615 | D:5      | Found a staircase to the Ecumenical Temple.
  4865 | D:4      | Found a radiant altar of Vehumet.
  4897 | D:4      | Found a transporter.
  4907 | D:4      | Noticed YannSP's ghost (amateur MiBe)
  4970 | D:4      | Killed Eustachio
  4971 | D:4      | Reached XP level 7. HP: 49/49 MP: 9/9
  5032 | D:4      | Found Vaczepof's Jewellery Shop.
  5114 | D:4      | Killed Robin
  6199 | D:6      | Reached skill level 5 in Fighting
  6280 | D:6      | Found a glowing silver altar of Zin.
  7093 | D:7      | Reached skill level 1 in Evocations
  7282 | D:7      | Reached *** piety under Lugonu
  7468 | D:7      | Reached skill level 4 in Invocations
  7473 | D:7      | Reached XP level 8. HP: 56/56 MP: 11/11
  7908 | D:8      | Noticed Grum
  7908 | D:8      | Found Zoxtih's Assorted Antiques.
  7961 | D:8      | Noticed Joseph
  7961 | D:8      | Noticed a wyvern
  8268 | D:4      | Bought an amulet of regeneration for 300 gold pieces
  8371 | D:3      | Noticed Natasha
  8379 | D:3      | Killed Natasha
  8388 | D:3      | Noticed Natasha
  8395 | D:3      | Killed Natasha
  8500 | D:3      | Paralysed by Grinder for 5 turns
  8523 | D:3      | Killed Grinder
  8524 | D:3      | Reached skill level 5 in Invocations
  8753 | D:3      | Found a runed translucent door.
  8754 | D:3      | Noticed Crazy Yiuf
  9026 | D:7      | Reached skill level 5 in Maces & Flails
  9347 | D:7      | Reached skill level 6 in Invocations
  9347 | D:7      | Reached XP level 9. HP: 62/62 MP: 13/13
  9509 | D:8      | You fall into a shaft and drop 3 floors!
  9526 | D:10     | Entered Level 10 of the Dungeon
  9539 | D:10     | Noticed a komodo dragon
  9589 | D:10     | Found Zuazomp's Magic Scroll Shop.
  9608 | D:10     | Reached skill level 5 in Evocations
  9637 | D:10     | Noticed a gargoyle
  9689 | D:10     | Noticed Psyche
  9701 | D:10     | Killed Psyche
  9729 | D:8      | Identified the +2 robe "Qicin" {Fly Str+4}
  9766 | D:9      | Reached skill level 7 in Invocations
  9936 | D:9      | Found a hide-covered altar of Uskayaw.
 10056 | D:9      | Found a shimmering blue altar of Sif Muna.
 10142 | D:9      | Reached skill level 8 in Invocations
 10206 | D:9      | Noticed Pikel
 10299 | D:9      | Killed Pikel
 10382 | D:9      | Noticed a troll
 10392 | D:9      | Found a viscous altar of Jiyva.
 10581 | D:9      | Reached XP level 10. HP: 59/69 MP: 16/16
 11247 | D:8      | Found Apsun's Book Boutique.
 11254 | D:8      | Shot with a sling bullet by Joseph

Table legend: (Time is in decaauts)
 A = Elapsed time spent in this place.
 B = Non-inter-level travel time spent in this place.
 C = Inter-level travel time spent in this place.
 D = Time resting spent in this place.
 E = Time spent auto-exploring this place.
 F = Levels seen in this place.
 G = Mean time per level.
                   A        B        C        D        E       F      G
               +--------+--------+--------+--------+--------+-----+--------+
         Total |  11379 |  10492 |    887 |   3224 |   4493 |  15 |  758.6 |
       Dungeon |  11281 |  10394 |    887 |   3224 |   4486 |  11 | 1025.5 |
         Abyss |     98 |     98 |      0 |      0 |      7 |   4 |   24.5 |
               +--------+--------+--------+--------+--------+-----+--------+

Top non-repeatable levels by time:
     D:2: 2248 daAuts
     D:7: 1654 daAuts
     D:9: 1476 daAuts
     D:6: 1439 daAuts
     D:4: 1387 daAuts
     D:5: 1181 daAuts
     D:3: 898 daAuts
     D:1: 629 daAuts
    D:10: 190 daAuts
     D:8: 158 daAuts
 Abyss:2: 31 daAuts
 Abyss:3: 29 daAuts
 Abyss:4: 23 daAuts
    D:11: 16 daAuts
 Abyss:1: 13 daAuts

Table legend:
 A = Kills in this place as a percentage of kills in entire the game.
 B = Kills by you in this place as a percentage of kills by you in the entire game.
 C = Kills by friends in this place as a percentage of kills by friends in the entire game.
 D = Other kills in this place as a percentage of other kills in the entire game.
 E = Experience gained in this place as a percentage of experience gained in the entire game.
 F = Experience gained in this place divided by the number of levels of this place that you have seen.
                   A       B       C       D       E      F
               +-------+-------+-------+-------+-------+----------------------
         Total | 100.0 | 100.0 |   N/A |   N/A | 100.0 | 322.5
       Dungeon | 100.0 | 100.0 |   N/A |   N/A | 100.0 | 439.7
               +-------+-------+-------+-------+-------+----------------------

Action                   |  1- 3 |  4- 6 |  7- 9 | 10-12 || total
-------------------------+-------+-------+-------+-------++-------
Melee: Falchion          |     6 |       |       |       ||     6
       Rapier            |    48 |       |       |       ||    48
       Constrict         |    13 |    26 |    44 |     3 ||    86
       Tentacles         |     7 |    15 |    56 |     3 ||    81
       Mace              |     7 |   132 |   274 |    10 ||   423
Throw: Dart              |       |       |    52 |     1 ||    53
       Boomerang         |       |       |       |     2 ||     2
Invok: Depart the Abyss  |     1 |       |       |       ||     1
Evoke: Wand              |       |     5 |     8 |     7 ||    20
  Use: Scroll            |     4 |     4 |     6 |     2 ||    16
       Potion            |       |       |       |     1 ||     1
 Stab: Sleeping          |     9 |     1 |     3 |       ||    13
       Paralysed         |       |    12 |    30 |     5 ||    47
       Distracted        |       |       |     1 |       ||     1
Armor: Skin              |     6 |    45 |    49 |     2 ||   102
Dodge: Dodged            |    39 |    93 |   140 |    27 ||   299
Block: Buckler           |       |    23 |    54 |    11 ||    88
       Rpst.: Falchion   |     1 |       |       |       ||     1

Vanquished Creatures
  Pikel (D:9)
  Psyche (D:10)
  Grinder (D:3)
  Eustachio (D:4)
  An acid dragon (D:10)
  An ice beast (D:5)
  2 orc warriors (D:9)
  A sky beast (D:9)
  A black bear (D:7)
  2 wolves (D:7)
  A centaur (D:9)
  2 lemures (D:9)
  A kobold brigand (D:9)
  A wyvern zombie (D:7)
  2 scorpions
  A water moccasin skeleton (D:6)
  3 wights (D:10)
  3 killer bees (D:7)
  3 howler monkeys
  2 hounds
  4 orc priests
  A gnoll shaman (D:6)
  6 jellies
  A bullfrog skeleton (D:4)
  An iguana (D:6)
  Natasha (thrice) (D:3)
  3 orc wizards
  A hound skeleton (D:4)
  Robin (D:4)
  5 gnolls (D:7)
  6 adders
  A shadow imp (D:7)
  An ufetubus (D:5)
  An adder skeleton (D:2)
  A worm (D:2)
  2 dart slugs
  22 orcs
  4 ball pythons
  5 endoplasms
  7 giant cockroaches
  13 goblins
  3 hobgoblins
  2 jackals (D:4)
  3 quokkas
  7 bats
  6 frilled lizards
  5 kobolds
  7 rats
153 creatures vanquished.

Vanquished Creatures (others)
  A troll (D:9)
  2 fungi (D:3)
  4 plants (D:5)
7 creatures vanquished.

Grand Total: 160 creatures vanquished
